 Dungeon Crawl Stone Soup version 0.29.0-10-g45618ea6d2 (webtiles) character file.

Game seed: 17271506884236303615

99 SensoryNuts the Slasher (level 4, -9/35 HPs)
             Began as a Demonspawn Fighter on Sept 2, 2022.
             Was a Plaything of Xom.
             Killed by divine providence
             ... invoked by an orc priest
              (13 damage)
             ... on level 3 of the Dungeon.
             The game lasted 00:02:01 (2456 turns).

SensoryNuts the Slasher (Demonspawn Fighter)        Turns: 2456, Time: 00:02:02

Health: -9/35      AC:  6    Str: 17    XL:     4   Next: 45%
Magic:  4/4        EV:  9    Int:  9    God:    Xom [.....*]
Gold:   165        SH:  6    Dex: 14    Spells: 3/3 levels left

rFire   . . .      SeeInvis .   a - +0 long sword
rCold   . . .      Faith    .   c - +1 buckler
rNeg    . . .      Spirit   .   b - +0 scale mail
rPois   .          Reflect  .   (no helmet)
rElec   .          Harm     .   (no cloak)
rCorr   .          Rampage  .   (no gloves)
Will    .....                   (no boots)
Stlth   ..........              (no amulet)
HPRegen 0.11/turn               (no ring)
MPRegen 0.09/turn               (no ring)

@: mighty
A: demonic magic 1
a: Renounce Religion


You were on level 3 of the Dungeon.
You worshipped Xom.
You were Xom's teddy bear.
You visited 1 branch of the dungeon, and saw 3 of its levels.

You collected 165 gold pieces.

Inventory:

Hand Weapons
 a - a +0 long sword (weapon)
Armour
 b - a +0 scale mail (worn)
 c - a +1 buckler (worn)
Jewellery
 d - an amulet of reflection
Wands
 g - a wand of paralysis (13)
Scrolls
 f - 3 scrolls of magic mapping {unknown}
 i - a scroll of blinking {unknown}
Potions
 e - 2 potions of mutation {unknown}
 h - a potion of haste
 k - a potion of ambrosia
 m - a potion of attraction {unknown}


   Skills:
 + Level 3.2 Fighting
 * Level 3.5 Long Blades
 + Level 3.1 Armour
 + Level 0.4 Dodging
 + Level 2.9 Shields


You had 3 spell levels left.
You didn't know any spells.
Your spell library contained the following spells:

 Spells                   Type           Power      Damage    Failure   Level
 Apportation              Tloc           0%         N/A       87%         1
 Alistair's Intoxication  Tmut/Pois      0%         N/A       100%        5
 Chain Lightning          Conj/Air       0%         N/A       100%        9
 Fire Storm               Conj/Fire      0%         5d1       100%        9
 Shatter                  Erth           0%         3d5*      100%        9


Dungeon Overview and Level Annotations

Branches:
Dungeon (3/15)

Altars:
Fedhas
Makhleb
Xom

Shops:
D:1 !


Innate Abilities, Weirdness & Mutations

Spells you cast may paralyse adjacent enemies.


Message History

You bump into the rock wall.
The orc wizard hits you with a +0 dagger.
You miss the orc wizard.
You feel less confused.
An orc comes into view. It is wielding a +0 war axe.
The orc wizard hits you with a +0 dagger.
You closely miss the orc wizard. The orc wizard barely misses you.
You hit the orc wizard.
The orc wizard is heavily wounded.
The orc wizard casts a spell at you. The magic dart hits you.
The orc priest looks braver for a moment.
You barely miss the orc wizard.
The orc wizard is heavily wounded.
The orc wizard hits you but does no damage.
The orc wizard gestures wildly while chanting.
The orc wizard flickers and vanishes!
Deactivating autopickup; reactivate with Ctrl-A.
The orc wizard gestures at you while chanting.
You are confused.
Okay, then.
You feel very mighty all of a sudden.
The orc wizard hits you with a +0 dagger.
You closely miss the orc wizard.
The orc wizard is moderately wounded.
The orc wizard casts a spell.
The orc wizard flickers and vanishes!
You barely miss something. You barely miss the orc. You closely miss the orc.
You feel less confused. The orc hits you but does no damage.
The orc priest mumbles some strange prayers to Beogh against you.
Beogh smites you!
* * * LOW HITPOINT WARNING * * *
A shower of butterflies erupts from you!
The orc priest invokes the aid of Beogh against you.
Beogh smites you!
You die...
Xom giggles madly!

#. #. #.....#
#....#
#.##.###.....#
#....#
#.##.........#
#....
....##.......#
....
..#.#..###...#
#o. #.#...##
##..## #.#
..#..##
##..###.#
.#..##
##.b##o# ...##
##b.@b# ..##
##b### ..# ##
#b# ..## #.#
#.# ...###..#
# ..#
.#.....###...
.##
.....#.....#
## ####.....#
###..#####


You could see an orc priest (ally target) and an orc.

Vanquished Creatures
  3 adders (D:2)
  A worm (D:2)
  2 dart slugs
  3 bats
  7 endoplasms
  5 giant cockroaches (D:2)
  3 goblins
  6 hobgoblins
  4 jackals (D:2)
  4 kobolds
  6 quokkas
  5 ball pythons
  9 frilled lizards
  3 rats
61 creatures vanquished.

Vanquished Creatures (others)
  4 toadstools (D:1)
4 creatures vanquished.

Grand Total: 65 creatures vanquished

Notes
Turn   | Place    | Note
-------+----------+-------------------------------------------
     0 | D:1      | SensoryNuts the Demonspawn Fighter began the quest for the
                  | Orb.
     0 | D:1      | Reached XP level 1. HP: 18/18 MP: 1/1
   346 | D:1      | Found Ucwy Ukh's Distillery.
   369 | D:1      | Gained mutation: Spells you cast may paralyse adjacent
                  | enemies. [demonic ancestry]
   369 | D:1      | Reached XP level 2. HP: 24/24 MP: 2/2
   743 | D:1      | Found a faded altar of an unknown god.
   927 | D:1      | Prayed at the altar of an unknown god.
   927 | D:1      | Became a worshipper of Xom of Chaos
  1042 | D:1      | XOM: divination: detect creatures
  1080 | D:2      | XOM: butterfly on damage
  1086 | D:2      | Reached XP level 3. HP: 3/29 MP: 3/3
  1132 | D:2      | XOM: divination: detect creatures
  1469 | D:2      | XOM: 2-stop teleportation journey
  1679 | D:2      | Reached XP level 4. HP: 35/35 MP: 4/4
  1708 | D:2      | Found a blossoming altar of Fedhas.
  2266 | D:3      | Found a burning altar of Makhleb.
  2456 | D:3      | XOM: butterfly on damage
  2456 | D:3      | Killed from afar by an orc priest

Illustrated notes

Levels and vault maps discovered:
D:1:      ldierk_water_garden, layout_loops_ring, serial_shops,
          nicolae_shop_hallway_plus, basic_ecumenical_altar, minmay_unequal
D:2:      layout_loops_ring, basic_altar, st_stairs_3,
          kennysheep_generic_room_15
D:3:      layout_loops_cross, nemelex_spade_bored_becter, bloody_makhleb,
          mainiacjoe_overflow_six_doors_small

Skill      XL: |  1  2  3 |
---------------+----------+-----
Long Blades    | 2 3 |  3.5
Armour         | 3 |  3.1
Fighting       | |  3.2
Dodging        | |  0.4
Shields        | |  2.9

Action                   |  1- 3 |  4- 6 || total
-------------------------+-------+-------++-------
Melee: Long sword        |   113 |    54 ||   167
  Use: Potion            |     1 |     1 ||     2
       Scroll            |       |     6 ||     6
Armor: Scale mail        |    59 |    15 ||    74
Dodge: Dodged            |    58 |    21 ||    79
Block: Buckler           |    34 |     9 ||    43
